 Dungeon Crawl Stone Soup version 0.29-a0-504-gec6baf379c (webtiles) character file.

Game seed: 2989574039647770893

130 Morbidden the Sneak (level 4, -1/28 HPs)
             Began as a Vampire Enchanter on May 28, 2022.
             Slain by a gnoll
             ... wielding a +0 halberd
              (7 damage)
             ... on level 3 of the Dungeon.
             The game lasted 00:04:43 (2683 turns).

Morbidden the Sneak (Vampire Enchanter)             Turns: 2683, Time: 00:04:43

Health: -1/28      AC:  3    Str:  7    XL:     4   Next: 89%
Magic:  5/7        EV: 12    Int: 19    God:
Gold:   158        SH:  0    Dex: 14    Spells: 6/8 levels left

rFire   . . .      SeeInvis +   a - +1 dagger
rCold   . . .      Faith    .   (no shield)
rNeg    . . .      Spirit   .   b - +0 robe
rPois   .          Reflect  .   (no helmet)
rElec   .          Harm     .   (no cloak)
rCorr   .          Rampage  .   i - +0 pair of gloves
Will    .....                   (no boots)
Stlth   +++.......              (no amulet)
HPRegen 0.29/turn               o - +4 ring of slaying
MPRegen 0.10/turn               (no ring)

@: healing quickly
A: alive, fangs 3, see invisible, vampiric 2, [frail 1]
a: Exsanguinate


You were on level 3 of the Dungeon.
You visited 1 branch of the dungeon, and saw 4 of its levels.

You collected 158 gold pieces.

Inventory:

Hand Weapons
 a - a +1 dagger (weapon)
Armour
 b - a +0 robe (worn)
 i - a +0 pair of gloves (worn)
Jewellery
 o - a +4 ring of slaying (left hand)
Scrolls
 f - a scroll of magic mapping {unknown}
 h - 7 scrolls of identify {unknown}
 k - a scroll of vulnerability {unknown}
 l - a scroll of silence {unknown}
 p - a scroll of summoning {unknown}
 q - 2 scrolls of fog {unknown}
 r - 2 scrolls of teleportation {unknown}
Potions
 c - 2 potions of invisibility
 d - a potion of curing
 e - a potion of ambrosia {unknown}
 g - a potion of lignification {unknown}
 j - a potion of berserk rage {unknown}
 m - 2 potions of degeneration {unknown}
 n - a potion of brilliance {unknown}
 s - a potion of might {unknown}


   Skills:
 * Level 1.1 Fighting
 * Level 2.2 Short Blades
 * Level 2.7 Dodging
 + Level 5.7 Stealth
 * Level 2.5 Spellcasting
 * Level 5.2 Hexes
 * Level 0.9 Ice Magic


You had 6 spell levels left.
You knew the following spells:

 Your Spells              Type           Power      Damage    Failure   Level
a - Ensorcelled Hibernat  Hex/Ice        28%        N/A       7%          2

Your spell library contained the following spells:

 Spells                   Type           Power      Damage    Failure   Level
 Confusing Touch          Hex            22%        N/A       5%          3
 Tukima's Dance           Hex            22%        N/A       5%          3
 Dazzling Flash           Conj/Hex       24%        N/A       17%         3


Dungeon Overview and Level Annotations

Branches:
Dungeon (4/15)
 Temple: D:4-7

Altars:

Annotations:
D:2 Grinder


Innate Abilities, Weirdness & Mutations

Your natural rate of healing is accelerated.
You have razor-sharp teeth.
You have supernaturally acute eyesight. (SInv)
You are afflicted with vampirism and can become a bat while bloodless.
[You are frail. (-10% HP)]


Message History

You climb downwards.
There is a stone staircase leading up here.
Unknown command.
There is a stone staircase leading down here.
You climb downwards.
There is a stone staircase leading up here.
You climb upwards.
There is a stone staircase leading down here.
Unknown command.
r - 2 scrolls labelled ACUVUL FAIPOU (gained 1)
An adder and a rat come into view.
There are monsters nearby!
Found a leather armour.
There are monsters nearby!
Found a stone staircase leading down.
There are monsters nearby!
The rat bites you but does no damage.
You hit the rat.
The rat is heavily wounded.
The rat bites you but does no damage.
You closely miss the rat. You bite the rat.
You kill the rat!
A gnoll comes into view. It is wielding a +0 halberd.
Found a fuming green potion.
The gnoll shouts!
The gnoll barely misses you. The gnoll hits you with a +0 halberd!
You closely miss the gnoll. You barely miss the gnoll.
The gnoll hits you with a +0 halberd!
Ouch! That really hurt!
* * * LOW HITPOINT WARNING * * *
The adder hisses angrily.
Casting: Ensorcelled Hibernation (safe; 7% risk of failure)
Confirm with . or Enter, or press ? or * to list all spells.
Aiming: Ensorcelled Hibernation (safe; 7% risk of failure)
Press: ? - help, Shift-Dir - straight line, f - gnoll
Aim: a gnoll, wielding a +0 halberd (chance to affect: 56%)
The gnoll resists with significant effort.
The gnoll hits you with a +0 halberd!
You die...

....##.#.#.....## #.......##
...###...##......######.#..#
.†## ....##. ........#.##.#
...##..#..##.##.......#.##.##
.......#...#...####.#.......#
..#.........................#
..##...#.# #....###.........#
..# ...# #................#
#.. .... #..8.@...8......##
#..# .#..# #...g.......^...#
...# #### #....S[.........#
...# #!..........#####
#...........# ##..........#
#.8.....8.## #.........#


You could see a gnoll and an adder.

Vanquished Creatures
  6 adders
  2 worms (D:3)
  3 dart slugs
  2 orcs
  4 ball pythons
  2 bats
  8 endoplasms
  5 giant cockroaches
  5 goblins
  5 hobgoblins
  3 quokkas
  2 frilled lizards
  3 kobolds (D:2)
  11 rats
61 creatures vanquished.

Notes
Turn   | Place    | Note
-------+----------+-------------------------------------------
     0 | D:1      | Morbidden the Vampire Enchanter began the quest for the
                  | Orb.
     0 | D:1      | Reached XP level 1. HP: 13/13 MP: 3/3
   339 | D:1      | Reached XP level 2. HP: 15/15 MP: 5/5
  1100 | D:1      | Learned a level 2 spell: Ensorcelled Hibernation
  1231 | D:2      | Reached skill level 5 in Stealth
  1231 | D:2      | Gained mutation: You are afflicted with vampirism and can
                  | become a bat while bloodless. [Vampire growth]
  1231 | D:2      | Reached XP level 3. HP: 20/20 MP: 3/6
  1279 | D:2      | You fall into a shaft and drop 2 floors!
  1433 | D:4      | Reached skill level 5 in Hexes
  1560 | D:4      | Reached skill level 1 in Fighting
  1560 | D:4      | Reached XP level 4. HP: 25/25 MP: 4/7
  1722 | D:3      | Noticed Grinder
  2529 | D:3      | Paralysed by Grinder for 4 turns
  2535 | D:3      | Paralysed by Grinder for 2 turns
  2683 | D:3      | Slain by a gnoll

Illustrated notes

Levels and vault maps discovered:
D:1:      minmay_arrival_up_and_down, layout_basic,
          chequers_serial_rivers_micro_b, due_unseen_surprise
D:2:      layout_loops_ring, kennysheep_boxes
D:3:      layout_rooms, nicolae_ecumenical_snake_handling, st_stairs_1,
          minmay_liquid_box, uniq_grinder
D:4:      layout_layer_cave, uniq_blork_the_orc

Skill      XL: |  1  2  3 |
---------------+----------+-----
Stealth        | 5 |  5.7
Short Blades   | 2 |  2.2
Hexes          | 5 |  5.2
Fighting       | 1 |  1.1
Dodging        | |  2.7
Spellcasting   | |  2.5
Ice Magic      | |  0.9

Action                   |  1- 3 |  4- 6 || total
-------------------------+-------+-------++-------
Melee: Dagger            |    62 |    59 ||   121
       Bite              |     2 |     8 ||    10
 Cast: Ensorcelled Hiber |     4 |     8 ||    12
 Abil: Exsanguinate      |     1 |       ||     1
       Revivify          |       |     1 ||     1
  Use: Potion            |       |     1 ||     1
 Stab: Sleeping          |    20 |    10 ||    30
Armor: Robe              |     6 |     8 ||    14
Dodge: Dodged            |    27 |    28 ||    55

Table legend: (Time is in decaauts)
 A = Elapsed time spent in this place.
 B = Non-inter-level travel time spent in this place.
 C = Inter-level travel time spent in this place.
 D = Time resting spent in this place.
 E = Time spent auto-exploring this place.
 F = Levels seen in this place.
 G = Mean time per level.
                   A        B        C        D        E       F      G
               +--------+--------+--------+--------+--------+-----+--------+
         Total |   2705 |   2620 |     85 |    450 |   1626 |   4 |  676.2 |
       Dungeon |   2705 |   2620 |     85 |    450 |   1626 |   4 |  676.2 |
               +--------+--------+--------+--------+--------+-----+--------+

Top non-repeatable levels by time:
     D:1: 1134 daAuts
     D:2: 883 daAuts
     D:4: 372 daAuts
     D:3: 314 daAuts
